TOP OF THE 1ST |
Santa Barbara Golden Cranes batting - Pitching for Calgary Lynx : RHP Ricardo González
|
Pitching: RHP Ricardo González
|
|
Batting: RHB Kyle Dempsey
|
0-0: Called Strike 0-1: Foul Ball, location: 2F 0-2: Fly out, F9 (Flyball, 89M)
|
Batting: LHB Marvin von Seydlitz
|
0-0: Foul Ball, location: 2F 0-1: Ball 1-1: Ball 2-1: Swinging Strike 2-2: Fly out, F7 (Line Drive, 7M)
|
Batting: RHB Tom Baker
|
0-0: Ball 1-0: Foul Ball, location: 2F 1-1: Called Strike 1-2: Foul Ball, location: 2F 1-2: Ball 2-2: Ball 3-2: Base on Balls
|
Batting: RHB Jesús Murillo
|
0-0: Ball 1-0: Fly out, F7 (Flyball, 7M)
|
Top of the 1st over - 0 run(s), 0 hit(s), 0 error(s), 1 left on base; Santa Barbara 0 - Calgary 0 |
BOTTOM OF THE 1ST |
Calgary Lynx batting - Pitching for Santa Barbara Golden Cranes : RHP Donald Hutchinson
|
Pitching: RHP Donald Hutchinson
|
|
Batting: SHB Tom Craft
|
0-0: Hit by Pitch
|
Batting: RHB Pepe Medina
|
0-0: Ball 1-0: Ball 2-0: Foul Ball, location: 2F 2-1: Grounds into double play, 6-4-3 (Groundball, 6)
|
Batting: RHB Forest Simmons
|
0-0: Ball 1-0: DOUBLE (Flyball, 89M)
|
Batting: LHB Timmy Appeldoorn
|
0-0: Ball 1-0: Ball 2-0: Ball 3-0: Base on Balls
|
Batting: RHB Pancho Salaedo
|
0-0: Ball 1-0: Fly out, F8 (Line Drive, 8LD)
|
Bottom of the 1st over - 0 run(s), 1 hit(s), 0 error(s), 2 left on base; Santa Barbara 0 - Calgary 0 |
TOP OF THE 2ND |
Santa Barbara Golden Cranes batting - Pitching for Calgary Lynx : RHP Ricardo González
|
Batting: RHB San-gui Liang
|
0-0: Ball 1-0: Ball 2-0: SINGLE (Groundball, 34) (infield hit)
|
Batting: RHB Mal Phillips
|
0-0: Called Strike 0-1: Ball 1-1: Ground out 4-3 (Groundball, 4M) San-gui Liang to second
|
Batting: RHB José Masaferro
|
0-0: Called Strike 0-1: Fly out, F4 (Popup, 34)
|
Batting: RHB Juan Jose Díaz
|
0-0: Ball 1-0: Swinging Strike 1-1: Called Strike 1-2: Ball 2-2: Ball 3-2: Strikes out looking
|
Top of the 2nd over - 0 run(s), 1 hit(s), 0 error(s), 1 left on base; Santa Barbara 0 - Calgary 0 |
BOTTOM OF THE 2ND |
Calgary Lynx batting - Pitching for Santa Barbara Golden Cranes : RHP Donald Hutchinson
|
Batting: LHB Gilbert Davis
|
0-0: Ball 1-0: Swinging Strike 1-1: Ball 2-1: Ball 3-1: Foul Ball, location: 2F 3-2: Base on Balls
|
Batting: RHB Francisco González
|
0-0: Ball 1-0: Ball 2-0: Ball 3-0: Foul Ball, location: 2F 3-1: Swinging Strike 3-2: Fly out, F9 (Flyball, 9LM)
|
Batting: RHB Wilbur James
|
0-0: Foul Ball, location: 2F 0-1: Ball 1-1: Foul Ball, location: 2F 1-2: Ground out 5-3 (Groundball, 5S) Gilbert Davis to second
|
Batting: RHB Luis Fierro
|
0-0: Swinging Strike 0-1: Ball 1-1: Foul Ball, location: 2F 1-2: Ball 2-2: Strikes out swinging
|
Bottom of the 2nd over - 0 run(s), 0 hit(s), 0 error(s), 1 left on base; Santa Barbara 0 - Calgary 0 |
TOP OF THE 3RD |
Santa Barbara Golden Cranes batting - Pitching for Calgary Lynx : RHP Ricardo González
|
Batting: RHB Tim Wilson
|
0-0: Ball 1-0: Ball 2-0: Called Strike 2-1: Swinging Strike 2-2: SINGLE (Line Drive, 89S)
|
Batting: RHB Kyle Dempsey
|
0-0: SINGLE (Line Drive, 4D) Tim Wilson to second
|
Batting: LHB Marvin von Seydlitz
|
0-0: Foul Ball, location: 2F 0-1: Ball 1-1: Fly out, F8 (Flyball, 8LM)
|
Batting: RHB Tom Baker
|
0-0: Called Strike 0-1: TRIPLE (Flyball, 9LS) Tim Wilson scores Kyle Dempsey scores
|
Batting: RHB Jesús Murillo
|
0-0: Ball 1-0: Ball 2-0: SINGLE (Groundball, 6MD) (infield hit) Tom Baker scores
|
Batting: RHB San-gui Liang
|
0-0: Ball 1-0: Ball 2-0: Called Strike 2-1: Called Strike Jesús Murillo steals 2nd base 2-2: Foul Ball, location: 2F 2-2: Foul Ball, location: 2F 2-2: Foul Ball, location: 2F 2-2: Ground out 3-1 (Groundball, 34) Jesús Murillo to third
|
Batting: RHB Mal Phillips
|
0-0: Ball 1-0: SINGLE (Line Drive, 34D) Jesús Murillo scores
|
Batting: RHB José Masaferro
|
0-0: Called Strike 0-1: Fly out, F8 (Flyball, 8LM)
|
Top of the 3rd over - 4 run(s), 5 hit(s), 0 error(s), 1 left on base; Santa Barbara 4 - Calgary 0 |
BOTTOM OF THE 3RD |
Calgary Lynx batting - Pitching for Santa Barbara Golden Cranes : RHP Donald Hutchinson
|
Batting: SHB Tom Craft
|
0-0: Called Strike 0-1: Called Strike 0-2: Foul Ball, location: 2F 0-2: Fly out, F7 (Flyball, 7M)
|
Batting: RHB Pepe Medina
|
0-0: Ball 1-0: Ball 2-0: Ball 3-0: Called Strike 3-1: Foul Ball, location: 2F 3-2: Foul Ball, location: 2F 3-2: Base on Balls
|
Batting: RHB Forest Simmons
|
0-0: Ball 1-0: Called Strike 1-1: Swinging Strike 1-2: Foul Ball, location: 2F 1-2: Ball 2-2: Fielders Choice at 2nd, 2-6 (Groundball, 2L)
|
Batting: LHB Timmy Appeldoorn
|
0-0: Ground out U3 (Groundball, 3)
|
Bottom of the 3rd over - 0 run(s), 0 hit(s), 0 error(s), 1 left on base; Santa Barbara 4 - Calgary 0 |
TOP OF THE 4TH |
Santa Barbara Golden Cranes batting - Pitching for Calgary Lynx : RHP Ricardo González
|
Batting: RHB Juan Jose Díaz
|
0-0: Ball 1-0: Called Strike 1-1: Foul Ball, location: 2F 1-2: Foul Ball, location: 2F 1-2: Ball 2-2: Ball 3-2: Foul Ball, location: 2F 3-2: Base on Balls
|
Batting: RHB Tim Wilson
|
0-0: Called Strike 0-1: Swinging Strike 0-2: Foul Ball, location: 2F 0-2: Fly out, F7 (Flyball, 78S)
|
Batting: RHB Kyle Dempsey
|
0-0: Ball 1-0: Foul Ball, location: 2F 1-1: SINGLE (Flyball, 9S) Juan Jose Díaz to second Runner from 2nd tries for 3rd, SAFE, throw made to third
|
Batting: LHB Marvin von Seydlitz
|
0-0: Called Strike 0-1: Swinging Strike 0-2: Strikes out looking
|
Batting: RHB Tom Baker
|
0-0: Ball 1-0: Called Strike 1-1: Ball 2-1: Fly out, F9 (Flyball, 89D)
|
Top of the 4th over - 0 run(s), 1 hit(s), 0 error(s), 2 left on base; Santa Barbara 4 - Calgary 0 |
BOTTOM OF THE 4TH |
Calgary Lynx batting - Pitching for Santa Barbara Golden Cranes : RHP Donald Hutchinson
|
Batting: RHB Pancho Salaedo
|
0-0: Ground out 6-3 (Groundball, 6)
|
Batting: LHB Gilbert Davis
|
0-0: SINGLE (Groundball, 4S) (infield hit)
|
Batting: RHB Francisco González
|
0-0: Ball 1-0: Ball 2-0: Ball 3-0: Base on Balls Gilbert Davis to second
|
Batting: RHB Wilbur James
|
0-0: Ball 1-0: Ball 2-0: Swinging Strike 2-1: Ball 3-1: Base on Balls Gilbert Davis to third Francisco González to second
|
Batting: RHB Luis Fierro
|
0-0: Ball 1-0: Ball 2-0: Ball 3-0: Called Strike 3-1: Called Strike 3-2: Foul Ball, location: 2F 3-2: Grounds into double play, U4-3 (Groundball, 4M)
|
Bottom of the 4th over - 0 run(s), 1 hit(s), 0 error(s), 2 left on base; Santa Barbara 4 - Calgary 0 |
TOP OF THE 5TH |
Santa Barbara Golden Cranes batting - Pitching for Calgary Lynx : RHP Ricardo González
|
Batting: RHB Jesús Murillo
|
0-0: Fly out, F9 (Flyball, 9M)
|
Batting: RHB San-gui Liang
|
0-0: Ball 1-0: Ball 2-0: Foul Ball, location: 2F 2-1: Foul Ball, location: 2F 2-2: Ground out 5-3 (Groundball, 56S)
|
Batting: RHB Mal Phillips
|
0-0: Ball 1-0: Ball 2-0: Ball 3-0: Called Strike 3-1: Called Strike 3-2: Base on Balls
|
Batting: RHB José Masaferro
|
0-0: Ground out U3 (Groundball, 3S)
|
Top of the 5th over - 0 run(s), 0 hit(s), 0 error(s), 1 left on base; Santa Barbara 4 - Calgary 0 |
BOTTOM OF THE 5TH |
Calgary Lynx batting - Pitching for Santa Barbara Golden Cranes : RHP Donald Hutchinson
|
Batting: SHB Tom Craft
|
0-0: Ball 1-0: Foul Ball, location: 2F 1-1: SINGLE (Groundball, 23) (infield hit)
|
Batting: RHB Pepe Medina
|
0-0: Grounds into double play, 5-4-3 (Groundball, 56)
|
Batting: RHB Forest Simmons
|
0-0: Ball 1-0: Foul Ball, location: 2F 1-1: Ball 2-1: Foul Ball, location: 2F 2-2: Ground out 5-3 (Groundball, 56)
|
Bottom of the 5th over - 0 run(s), 1 hit(s), 0 error(s), 0 left on base; Santa Barbara 4 - Calgary 0 |
TOP OF THE 6TH |
Santa Barbara Golden Cranes batting - Pitching for Calgary Lynx : RHP Ricardo González
|
Batting: RHB Juan Jose Díaz
|
0-0: Called Strike 0-1: Ball 1-1: Ball 2-1: Called Strike 2-2: Ball 3-2: Base on Balls
|
Batting: RHB Tim Wilson
|
0-0: Sac Bunt - play at first, batter OUT! 1-3 Juan Jose Díaz to second
|
Batting: RHB Kyle Dempsey
|
0-0: Ball 1-0: Ball 2-0: Foul Ball, location: 2F 2-1: Swinging Strike 2-2: Foul Ball, location: 2F 2-2: Fly out, F8 (Flyball, 8RM)
|
Pitching: LHP Spike Wells
|
|
Batting: LHB Marvin von Seydlitz
|
0-0: Ball 1-0: Ball 2-0: Called Strike 2-1: Ball 3-1: Base on Balls
|
Batting: RHB Tom Baker
|
0-0: Ball 1-0: Ball 2-0: Ball 3-0: Called Strike 3-1: Called Strike 3-2: Ground out 5-3 (Groundball, 5)
|
Top of the 6th over - 0 run(s), 0 hit(s), 0 error(s), 2 left on base; Santa Barbara 4 - Calgary 0 |
BOTTOM OF THE 6TH |
Calgary Lynx batting - Pitching for Santa Barbara Golden Cranes : RHP Donald Hutchinson
|
Batting: LHB Timmy Appeldoorn
|
0-0: Called Strike 0-1: Ball 1-1: Ball 2-1: SINGLE (Line Drive, 89S)
|
Batting: RHB Pancho Salaedo
|
0-0: Ball 1-0: Foul Ball, location: 2F 1-1: Foul Ball, location: 2F 1-2: Foul Ball, location: 2F 1-2: SINGLE (Line Drive, 4MD) Timmy Appeldoorn to second
|
Batting: LHB Gilbert Davis
|
0-0: Called Strike 0-1: Ball 1-1: Bunted foul 1-2: Foul Ball, location: 2F 1-2: Fly out, F9 (Line Drive, 9D) Runner from 2nd tags up, SAFE at 3rd, no throw
|
Batting: RHB Francisco González
|
0-0: Called Strike 0-1: Ball 1-1: Ball 2-1: Ball 3-1: Base on Balls Pancho Salaedo to second
|
Batting: RHB Wilbur James
|
0-0: Swinging Strike 0-1: Ball 1-1: Ball 2-1: Ball 3-1: Base on Balls Timmy Appeldoorn scores Pancho Salaedo to third Francisco González to second
|
Batting: RHB Luis Fierro
|
0-0: Grounds into double play, 5-4-3 (Groundball, 56)
|
Bottom of the 6th over - 1 run(s), 2 hit(s), 0 error(s), 2 left on base; Santa Barbara 4 - Calgary 1 |
TOP OF THE 7TH |
Santa Barbara Golden Cranes batting - Pitching for Calgary Lynx : LHP Spike Wells
|
Batting: RHB Jesús Murillo
|
0-0: Ball 1-0: Ball 2-0: Ball 3-0: Called Strike 3-1: Foul Ball, location: 2F 3-2: SOLO HOME RUN (Flyball, 9D), Distance : 362 ft
|
Batting: RHB San-gui Liang
|
0-0: Fly out, F8 (Flyball, 8RS)
|
Batting: RHB Mal Phillips
|
0-0: Called Strike 0-1: Fly out, F9 (Flyball, 89M)
|
Batting: RHB José Masaferro
|
0-0: Ball 1-0: Called Strike 1-1: Swinging Strike 1-2: Ground out 5-3 (Groundball, 5S)
|
Top of the 7th over - 1 run(s), 1 hit(s), 0 error(s), 0 left on base; Santa Barbara 5 - Calgary 1 |
BOTTOM OF THE 7TH |
Calgary Lynx batting - Pitching for Santa Barbara Golden Cranes : RHP Donald Hutchinson
|
Batting: SHB Tom Craft
|
0-0: Swinging Strike 0-1: Ball 1-1: Swinging Strike 1-2: Foul Ball, location: 2F 1-2: Ball 2-2: Foul Ball, location: 2F 2-2: Ball 3-2: Ground out 4-3 (Groundball, 4)
|
Batting: RHB Pepe Medina
|
0-0: Called Strike 0-1: Ball 1-1: Foul Ball, location: 2F 1-2: Fly out, F8 (Flyball, 8LXD)
|
Batting: RHB Forest Simmons
|
0-0: Swinging Strike 0-1: Ball 1-1: Fly out, F8 (Flyball, 8LS)
|
Bottom of the 7th over - 0 run(s), 0 hit(s), 0 error(s), 0 left on base; Santa Barbara 5 - Calgary 1 |
TOP OF THE 8TH |
Santa Barbara Golden Cranes batting - Pitching for Calgary Lynx : LHP Spike Wells
|
Batting: RHB Juan Jose Díaz
|
0-0: Ball 1-0: Ball 2-0: Ball 3-0: Base on Balls
|
Batting: RHB Tim Wilson
|
0-0: Bunted foul 0-1: Sac Bunt - play at first, batter OUT! 2-4 Juan Jose Díaz to second
|
Batting: RHB Kyle Dempsey
|
0-0: Intentional Walk
|
Batting: LHB Marvin von Seydlitz
|
0-0: Ball 1-0: Fly out, F8 (Flyball, 89D) Runner from 2nd tags up, SAFE at 3rd, no throw
|
Pitching: RHP Ánibal Sánchez
|
|
Batting: RHB Tom Baker
|
0-0: SINGLE (Line Drive, 78S) Juan Jose Díaz scores Kyle Dempsey to second
|
Batting: RHB Jesús Murillo
|
0-0: Called Strike 0-1: Ball 1-1: Foul Ball, location: 2F 1-2: Foul Ball, location: 2F 1-2: SINGLE (Line Drive, 7S) Kyle Dempsey to third Tom Baker to second Runner from 3rd tries for Home, SAFE, no throw or cutoff
|
Batting: RHB San-gui Liang
|
0-0: Ball 1-0: Reached on error, E5 (Groundball, 56) Tom Baker to third Jesús Murillo to second
|
Batting: RHB Mal Phillips
|
0-0: Ball 1-0: Ball 2-0: Ball 3-0: Called Strike 3-1: Fly out, F4 (Popup, 34D)
|
Top of the 8th over - 2 run(s), 2 hit(s), 1 error(s), 3 left on base; Santa Barbara 7 - Calgary 1 |
BOTTOM OF THE 8TH |
Calgary Lynx batting - Pitching for Santa Barbara Golden Cranes : RHP Donald Hutchinson
|
Batting: LHB Timmy Appeldoorn
|
0-0: Called Strike 0-1: Swinging Strike 0-2: SINGLE (Groundball, 34D)
|
Batting: RHB Pancho Salaedo
|
0-0: Ball 1-0: Ball 2-0: Called Strike 2-1: Foul Ball, location: 2F 2-2: Grounds into double play, 5-4-3 (Groundball, 56)
|
Batting: LHB Gilbert Davis
|
0-0: Foul Ball, location: 2F 0-1: Ball 1-1: Called Strike 1-2: Fly out, F3 (Line Drive, 3)
|
Bottom of the 8th over - 0 run(s), 1 hit(s), 0 error(s), 0 left on base; Santa Barbara 7 - Calgary 1 |
TOP OF THE 9TH |
Santa Barbara Golden Cranes batting - Pitching for Calgary Lynx : RHP Ánibal Sánchez
|
Batting: RHB José Masaferro
|
0-0: Ball 1-0: Ball 2-0: Ball 3-0: Base on Balls
|
Batting: RHB Juan Jose Díaz
|
0-0: Called Strike 0-1: Called Strike 0-2: Ball 1-2: Ball 2-2: Foul Ball, location: 2F 2-2: Foul Ball, location: 2F 2-2: Foul Ball, location: 2F 2-2: Ball 3-2: Fly out, F7 (Line Drive, 7LM)
|
Batting: RHB Tim Wilson
|
0-0: Ball José Masaferro steals 2nd base 1-0: Fly out, F6 (Popup, 6M)
|
Batting: RHB Kyle Dempsey
|
0-0: Ball 1-0: Ball 2-0: Ball 3-0: Called Strike 3-1: Foul Ball, location: 2F 3-2: SINGLE (Line Drive, 56D) José Masaferro to third José Masaferro scores
|
Pinch Hitting: RHB Carlos Rodríguez
|
0-0: Ball 1-0: Fly out, F3 (Popup, 23)
|
Top of the 9th over - 1 run(s), 1 hit(s), 0 error(s), 1 left on base; Santa Barbara 8 - Calgary 1 |
BOTTOM OF THE 9TH |
Calgary Lynx batting - Pitching for Santa Barbara Golden Cranes : RHP Donald Hutchinson
|
Now at 3B: Carlos Rodríguez
|
|
Batting: RHB Francisco González
|
0-0: Ball 1-0: SINGLE (Line Drive, 5L)
|
Pitching: RHP Chance Wiley
|
|
Batting: RHB Wilbur James
|
0-0: Called Strike 0-1: Foul Ball, location: 2F 0-2: Strikes out swinging
|
Batting: RHB Luis Fierro
|
0-0: Foul Ball, location: 2F 0-1: Ball 1-1: Foul Ball, location: 2F 1-2: Ball 2-2: Strikes out swinging
|
Batting: SHB Tom Craft
|
0-0: Called Strike 0-1: Ground out U3 (Groundball, 3S)
|
Bottom of the 9th over - 0 run(s), 1 hit(s), 0 error(s), 1 left on base; Santa Barbara 8 - Calgary 1 |
|